 Dungeon Crawl Stone Soup version 0.25.1-9-gc5326a611f (webtiles) character file.

Game seed: 7954104637570121510

7200 stebl the Cleaver (level 10, 0/80 HPs)
             Began as a Demonspawn Gladiator on Dec 23, 2020.
             Was an Elder of Uskayaw.
             Slain by a yak (11 damage)
             ... on level 8 of the Dungeon.
             The game lasted 00:44:02 (10993 turns).

stebl the Cleaver (Demonspawn Gladiator)           Turns: 10993, Time: 00:44:03

Health: 0/80       AC:  9    Str: 17    XL:     10   Next: 87%
Magic:  0/15       EV: 12    Int: 11    God:    Uskayaw [****..]
Gold:   744        SH:  4    Dex: 14    Spells: 9/9 levels left

rFire    . . .     SeeInvis .   j - +2 war axe (vorpal)
rCold    . . .     Gourm    .   (no shield)
rNeg     . . .     Faith    .   D - +0 swamp dragon scales
rPois    +         Spirit   +   (helmet restricted)
rElec    .         Reflect  .   h - +0 cloak {rCorr}
rCorr    +         Harm     .   (no gloves)
MR       +....                  m - +0 pair of boots
Stlth    ++........             (no amulet)
HPRegen  0.23/turn              M - ring of protection from magic
MPRegen  0.28/turn              Q - ring of stealth

@: no status effects
A: antennae 1, large bone plates 1, magic shield, magic regeneration
a: Stomp, Line Pass, Renounce Religion


You were on level 8 of the Dungeon.
You worshipped Uskayaw.
Uskayaw was noncommittal.
You were not hungry.

You visited 2 branches of the dungeon, and saw 10 of its levels.
You also visited: Ossuary.

You collected 744 gold pieces.


Innate Abilities, Weirdness & Mutations

You have a pair of small antennae on your head.
You are partially covered in large bone plates. (SH +4)
When hurt, damage is shared between your health and your magic reserves.
You regenerate magic rapidly.


   Skills:
 + Level 8.3 Fighting
 * Level 12.5 Axes
 - Level 1.7 Throwing
 - Level 2.6 Dodging
 - Level 7.1 Invocations


You had 9 spell levels left.
You didn't know any spells.
Your spell library contained the following spells:

 Spells                   Type           Power        Failure   Level  Hunger
 Animate Skeleton         Necr           N/A          54%         1    ##.....
 Apportation              Tloc           #.....       54%         1    ##.....
 Corona                   Hex            #......      54%         1    ##.....
 Foxfire                  Conj/Fire      #...         54%         1    ##.....
 Freeze                   Ice            #...         54%         1    ##.....
 Summon Small Mammal      Summ           #...         54%         1    ##.....
 Call Imp                 Summ           #.......     69%         2    ###....
 Call Canine Familiar     Summ           #.......     89%         3    ####...
 Conjure Flame            Conj/Fire      #.......     89%         3    ####...
 Frozen Ramparts          Ice            #.....       89%         3    ####...
 Inner Flame              Hex/Fire       #.......     89%         3    ####...
 Ozocubu's Armour         Chrm/Ice       #.......     89%         3    ####...
 Summon Guardian Golem    Hex/Summ       #.......     89%         3    ####...
 Hailstorm                Conj/Ice       #.......     100%        4    #####..
 Sticky Flame             Conj/Fire      #.......     100%        4    #####..
 Summon Ice Beast         Ice/Summ       #.......     100%        4    #####..
 Summon Lightning Spire   Summ/Air       #.......     100%        4    #####..
 Fireball                 Conj/Fire      #.........   100%        5    ######.

Inventory:

Hand Weapons
 a - a +0 war axe
 j - a +2 vorpal war axe (weapon)
Missiles
 e - 192 stones (quivered)
 y - 54 sling bullets
Armour
 c - a +0 pair of gloves
 d - a scarf of resistance
 h - a +0 cloak of preservation (worn)
 m - a +0 pair of boots (worn)
 u - a +0 kite shield
 D - +0 swamp dragon scales (worn)
 L - a +2 chain mail of fire resistance
Jewellery
 v - an uncursed ring of see invisible
 F - an uncursed ring of protection from fire {unknown}
 M - a ring of protection from magic (left hand)
 Q - a ring of stealth (right hand)
Wands
 J - a wand of iceblast (10)
Scrolls
 b - 4 scrolls of remove curse {@r2}
 i - 3 scrolls of enchant weapon
 l - a scroll of amnesia {unknown}
 n - a scroll of immolation
 o - a scroll of fog
 p - a scroll of brand weapon {unknown}
 s - 3 scrolls of teleportation {@r4}
 t - a scroll of noise {unknown}
 z - a scroll of fear {unknown}
 B - a scroll of magic mapping {unknown}
 G - a scroll of blinking {unknown}
Potions
 g - 2 potions of brilliance {unknown}
 k - 2 potions of heal wounds {unknown}
 q - a potion of lignification {unknown}
 r - 2 potions of cancellation
 w - a potion of degeneration {unknown}
 x - 5 potions of curing {@q1}
 A - 3 potions of flight
 C - a potion of might
 E - a potion of mutation {unknown}
 K - 3 potions of resistance
Comestibles
 f - 23 rations {@e1}

Dungeon Overview and Level Annotations

Branches:
Dungeon (9/15)             Temple (1/1) D:4         Ossuary (visited)
   Lair: D:8-11         Orc: D:9-12

Altars:
Ashenzari
Cheibriados
Dithmenos
Elyvilon
Fedhas
Gozag
Hepliaklqana
Kikubaaqudgha
Makhleb
Nemelex Xobeh
Okawaru
Qazlal
Ru
Sif Muna
Trog
Uskayaw
Vehumet
Xom
Zin
The Shining One

Annotations:
D:5 2 transporters, Sweeb's ghost, novice FoFi

##...........)≈▒.†...▒≈..........
#.............≈▒▒[''▒▒≈.....##...
...#..........≈≈≈.[.≈≈≈.....##..#
...#..................#.........#
...#.............#....#.##...##.#
...##............####..###.......
..###.............###............
#...#.#............#.#.......##.#
#.#.#.####.....Y@..........###.##
..#...#.........†...........#.#.#
......#..######.))).......##.#.#.
..##......###.#...##......###.#.#
..#.......##.....<........#..#.#.
........†.###.............###.#.#
..........#................#.#.#.
............................###.#
.............................####


You could see a yak.


Message History

The yak is severely wounded.
You hit the yak. x2; The yak gores you. The yak gores you! x2
The yak is no longer sharing its pain.
The yak closely misses you.
There is a stone staircase leading up here.
The yak is no longer sharing its pain.
The yak gores you. The yak misses you. The yak gores you!
* * * LOW HITPOINT WARNING * * *
You climb upwards.
There is a stone staircase leading down here.
Your swamp dragon scales prevents you from hitting the yak.
The yak is heavily wounded.
You hit the yak. You barely miss the yak.
The yak is no longer sharing its pain.
The yak gores you!
* * * LOW HITPOINT WARNING * * *
The yak gores you but does no damage. The yak gores you!
* * * LOW HITPOINT WARNING * * *
Use which ability? (? or * to list)
You don't have enough magic at the moment.
You hit the yak but do no damage.
The yak is heavily wounded.
You barely miss the yak. You slash the yak!
You kill the yak!
The yak barely misses you.
You hit the yak.
You kill the yak!
You hit the yak. The yak gores you but does no damage.
You barely miss the yak.
The yak is severely wounded.
The yak gores you!
You die...

Skill      XL: |  1  2  3  4  5  6  7  8  9 10 |
---------------+-------------------------------+-----
Axes           | 3 4 5 6 7 8 9 11 12 | 12.5
Fighting       | 3 6 8 |  8.3
Invocations    | 4 7 |  7.1
Throwing       | |  1.7
Dodging        | |  2.6

Action                   |  1- 3 |  4- 6 |  7- 9 | 10-12 || total
-------------------------+-------+-------+-------+-------++-------
Melee: War axe           |    63 |   132 |   339 |   193 ||   727
Throw: Stone             |       |     4 |    17 |     5 ||    26
       Throwing net      |       |     3 |     2 |     1 ||     6
Invok: Stomp             |       |       |     4 |     7 ||    11
       Line Pass         |       |       |     3 |     3 ||     6
Evoke: Wand              |       |       |     3 |       ||     3
  Use: Scroll            |       |     7 |     5 |     1 ||    13
       Potion            |       |       |     3 |     1 ||     4
 Stab: Paralysed         |       |       |    13 |    21 ||    34
       Sleeping          |       |       |     3 |     2 ||     5
       Confused          |       |       |     1 |       ||     1
  Eat: Chunk             |     2 |     6 |     9 |     4 ||    21
       Ration            |       |     1 |     2 |     2 ||     5
Armor: Ring mail         |    32 |    40 |    40 |       ||   112
       Swamp dragon scal |       |       |    55 |    73 ||   128
Dodge: Dodged            |    52 |    49 |   153 |   143 ||   397
Block: Other             |     5 |    21 |    47 |    47 ||   120

Levels and vault maps discovered:
D:1:      dpeg_arrival_chambers_temple_mockup, layout_loops_ring,
          nemelex_diamond_rough_becter
D:2:      layout_basic, makhleb_grotto_becter, marbit_many_paths
D:3:      layout_basic, elyvilon_altar_5, uniq_crazy_yiuf_cottage
D:4:      layout_loops_ring, minmay_temple_entry_antechambers
D:5:      layout_cave_pools, zin_statuary, gammafunk_ghost_hive,
          enter_ossuary_1, first_ration, uniq_duvessa, uniq_menkaure,
          uniq_blork_the_orc, uniq_edmund
D:6:      layout_basic
D:7:      layout_basic, lemuel_doored_altar, uniq_pikel
D:8:      layout_cave_pools, nicolae_dithmenos_through_a_glass_darkly,
          lemuel_coloured_pillars_altar, david_nohive_1, minmay_orc_keep
D:9:      layout_big_octagon, kennysheep_mini_moat, kennysheep_little_box
Temple:   nicolae_temple_great_sept

Notes
Turn   | Place    | Note
-------+----------+-------------------------------------------
     0 | D:1      | stebl the Demonspawn Gladiator began the quest for the Orb.
     0 | D:1      | Reached XP level 1. HP: 16/16 MP: 1/1
   391 | D:1      | Found a sparkling altar of Nemelex Xobeh.
   407 | D:1      | Reached skill level 3 in Axes
   681 | D:2      | Gained mutation: When hurt, damage is shared between your
                  | health and your magic reserves. [demonic ancestry]
   681 | D:2      | Reached XP level 2. HP: 12/22 MP: 2/2
  1228 | D:2      | Found a blossoming altar of Fedhas.
  1325 | D:2      | Found a burning altar of Makhleb.
  1325 | D:2      | Noticed a crimson imp
  1330 | D:2      | Killed a crimson imp
  1330 | D:2      | Reached skill level 4 in Axes
  1330 | D:2      | Gained mutation: You are partially covered in large bone
                  | plates. (SH +4) [demonic ancestry]
  1330 | D:2      | Reached XP level 3. HP: 27/27 MP: 3/3
  1468 | D:3      | Reached XP level 4. HP: 33/33 MP: 4/4
  1475 | D:3      | Found a white marble altar of Elyvilon.
  1974 | D:3      | Found a runed translucent door.
  1975 | D:3      | Noticed Crazy Yiuf
  3006 | D:3      | Reached skill level 5 in Axes
  3276 | D:3      | Killed Crazy Yiuf
  3276 | D:3      | Reached XP level 5. HP: 12/38 MP: 1/5
  3734 | D:4      | Noticed an ogre
  3808 | D:4      | Found a staircase to the Ecumenical Temple.
  3817 | Temple   | Entered the Ecumenical Temple
  3877 | Temple   | Became a worshipper of Uskayaw the Reveler
  4006 | D:4      | Reached * piety under Uskayaw
  4008 | D:4      | Reached ** piety under Uskayaw
  4241 | D:4      | Noticed an ogre
  4257 | D:4      | Killed an ogre
  4257 | D:4      | Reached skill level 6 in Axes
  4257 | D:4      | Reached XP level 6. HP: 44/44 MP: 6/6
  4330 | D:4      | Reached skill level 7 in Axes
  4581 | D:5      | Entered Level 5 of the Dungeon
  4581 | D:5      | Found a transporter.
  4582 | D:5      | Found a transporter.
  4583 | D:5      | Noticed Sweeb's ghost (novice FoFi)
  4669 | D:5      | Reached XP level 7. HP: 51/51 MP: 7/7
  4703 | D:5      | Noticed Duvessa
  4723 | D:4      | Reached skill level 3 in Fighting
  4810 | D:5      | Found a glowing silver altar of Zin.
  4818 | D:5      | Noticed Blork the orc
  4937 | D:5      | Found a sand-covered staircase.
  4948 | Ossuary  | Entered an ossuary
  4995 | Ossuary  | Reached skill level 1 in Invocations
  4995 | Ossuary  | Reached *** piety under Uskayaw
  5006 | Ossuary  | Reached skill level 2 in Invocations
  5461 | D:5      | Noticed Edmund
  5491 | D:5      | Killed Edmund
  5491 | D:5      | Reached skill level 3 in Invocations
  5816 | D:5      | Noticed a wyvern
  5827 | D:5      | HP: 1/52 [wyvern (12)]
  5828 | D:5      | Killed a wyvern
  5828 | D:5      | Reached skill level 8 in Axes
  5828 | D:5      | Reached skill level 4 in Invocations
  5828 | D:5      | Gained mutation: You have a pair of small antennae on your
                  | head. [demonic ancestry]
  5828 | D:5      | Reached XP level 8. HP: 1/58 MP: 0/11
  6120 | D:5      | Noticed Dowan
  6241 | D:6      | You fall into a shaft and drop 1 floor!
  6257 | D:7      | Reached skill level 5 in Invocations
  6478 | D:7      | Noticed Pikel
  6494 | D:7      | Reached skill level 6 in Invocations
  7136 | D:6      | Reached skill level 9 in Axes
  7165 | D:6      | Reached skill level 7 in Invocations
  7744 | D:5      | Noticed Menkaure
  7780 | D:5      | Killed Menkaure
  7780 | D:5      | Reached XP level 9. HP: 65/65 MP: 14/14
  7826 | D:5      | Killed Duvessa
  7826 | D:5      | Reached skill level 4 in Fighting
  7847 | D:5      | Killed Blork the orc
  7851 | D:5      | Killed Dowan
  7851 | D:5      | Reached **** piety under Uskayaw
  8182 | D:7      | Reached skill level 5 in Fighting
  8307 | D:7      | Killed Pikel
  8307 | D:7      | Reached skill level 10 in Axes
  8472 | D:7      | Reached ***** piety under Uskayaw
  8649 | D:7      | Found an iron altar of Okawaru.
  8656 | D:7      | Noticed a two-headed ogre
  8667 | D:7      | Killed a two-headed ogre
  8667 | D:7      | Reached skill level 6 in Fighting
  8824 | D:7      | Reached skill level 11 in Axes
  8824 | D:7      | Gained mutation: You regenerate magic rapidly. [demonic
                  | ancestry]
  8824 | D:7      | Reached XP level 10. HP: 77/77 MP: 15/15
  9193 | D:7      | Reached skill level 7 in Fighting
 10054 | D:8      | Found a glowing golden altar of the Shining One.
 10254 | D:8      | Found a shadowy altar of Dithmenos.
 10514 | D:9      | Reached skill level 12 in Axes
 10597 | D:9      | Noticed a tengu warrior
 10620 | D:9      | Reached skill level 8 in Fighting
 10628 | D:9      | HP: 7/80 [yak (7)]
 10993 | D:8      | Slain by a yak

Vanquished Creatures
  A two-headed ogre (D:7)
  Pikel (D:7)
  A troll (D:9)
  A queen bee (D:8)
  A hornet (D:9)
  A hippogriff (D:7)
  7 yaks
  2 wyverns
  A hungry ghost (D:8)
  Edmund (D:5)
  Menkaure (D:5)
  Duvessa (D:5)
  An orc warrior (D:8)
  A black bear (D:7)
  4 slaves (D:7)
  2 phantoms (D:6)
  4 ogres
  2 big kobolds
  Blork the orc (D:5)
  7 bullfrogs
  Dowan (D:5)
  4 scorpions
  15 killer bees
  A howler monkey (D:3)
  A lava snake (D:9)
  2 crimson imps
  A bullfrog zombie (D:7)
  2 hounds
  An orc priest (D:8)
  Crazy Yiuf (D:3)
  5 bullfrog skeletons
  3 iguanas
  3 worker ants
  9 orc wizards
  A big kobold zombie (Ossuary)
  4 hound skeletons
  8 mummies (Ossuary)
  A worker ant zombie (D:8)
  3 gnolls (D:8)
  8 adders
  3 shadow imps
  2 adder skeletons (D:7)
  An adder zombie (D:7)
  3 worms
  A dart slug (D:2)
  A leopard gecko (D:2)
  16 orcs
  6 giant cockroaches
  3 gnoll zombies (Ossuary)
  3 goblins
  5 hobgoblins
  13 jackals
  5 quokkas
  4 bats
  5 frilled lizards
  A hobgoblin zombie (Ossuary)
  18 kobolds
  2 kobold zombies (Ossuary)
  A leopard gecko skeleton (D:7)
  An orc zombie (Ossuary)
  A quokka zombie (D:6)
  7 rats
217 creatures vanquished.

Table legend:
 A = Turns spent in this place as a percentage of turns spent in the entire game.
 B = Non-inter-level travel turns spent in this place as a percentage of non-inter-level travel turns spent in the entire game.
 C = Inter-level travel turns spent in this place as a percentage of turns spent in this place.
 D = Turns resting spent in this place as a percentage of non-inter-level travel turns spent in this place.
 E = Turns spent auto-exploring this place as a percentage of non-inter-level travel turns spent in this place.
 F = Non-inter-level travel turns spent in this place divided by the number of levels of this place that you've seen.
                   A       B       C       D       E      F
               +-------+-------+-------+-------+-------+----------------------
         Total | 100.0 | 100.0 |   5.7 |  29.7 |  49.7 | 942.8
       Dungeon |  95.0 |  94.8 |   5.9 |  28.9 |  50.4 | 1092.7
        Temple |   0.7 |   0.6 |  13.9 |   0.0 |  83.9 |  62.0
       Ossuary |   4.3 |   4.6 |   0.0 |  49.7 |  30.5 | 475.0
               +-------+-------+-------+-------+-------+----------------------

Table legend:
 A = Non-vault XP
 B = Vault XP
 C = Vault XP percentage of total XP
 D = Non-vault monster count
 E = Vault monster count
 F = Vault count percentage of total count
                 A         B        C        D         E       F
            +---------+---------+-------+---------+---------+-------
      Total |    7211 |    3075 |  29.9 |     163 |      50 |  23.5
            +---------+---------+-------+---------+---------+-------
        D:1 |       6 |       0 |   0.0 |       5 |       0 |   0.0
        D:2 |      29 |      48 |  62.3 |      16 |       2 |  11.1
        D:3 |     115 |      40 |  25.8 |      23 |       1 |   4.2
        D:4 |     571 |       0 |   0.0 |      12 |       0 |   0.0
        D:5 |     450 |     648 |  59.0 |      12 |       5 |  29.4
        D:6 |     586 |       0 |   0.0 |      21 |       0 |   0.0
        D:7 |    2366 |    1075 |  31.2 |      35 |       8 |  18.6
        D:8 |    1283 |    1085 |  45.8 |      27 |      18 |  40.0
        D:9 |    1805 |       0 |   0.0 |      12 |       0 |   0.0
    Ossuary |       0 |     179 | 100.0 |       0 |      16 | 100.0
            +---------+---------+-------+---------+---------+-------
